 Dungeon Crawl Stone Soup version 0.30-a0-748-ge6a52f7cba (webtiles) character file.

Game seed: 5794300144601790390

54 Leeroy the Slasher (level 3, -1/18 HPs)
             Began as a Vine Stalker Warper on Feb 8, 2023.
             Slain by a gnoll
             ... wielding a +0 whip
              (4 damage)
             ... on level 2 of the Dungeon.
             The game lasted 00:01:51 (1189 turns).

Leeroy the Slasher (Vine Stalker Warper)            Turns: 1189, Time: 00:01:52

Health: -1/18      AC:  9    Str: 13    XL:     3   Next: 91%
Magic:  0/7        EV:  9    Int: 13    God:
Gold:   170        SH:  0    Dex: 15    Spells: 1/6 levels left

rFire   . . .      SeeInvis .    o - +0 long sword
rCold   . . .      Faith    .    (no shield)
rNeg    . . .      Spirit   +    k - +2 scale mail {rPois}
rPois   +          Reflect  .    (no helmet)
rElec   .          Harm     .    h - +0 cloak
rCorr   .          Rampage  .    (no gloves)
Will    .....                    (no boots) Stlth
                                 (no amulet)
HPRegen 0.23/turn                (no ring)
MPRegen 0.10/turn                (no ring)

@: no status effects
A: fangs 2, magic shield, antimagic bite, no potion heal 2
a: no special abilities


You were on level 2 of the Dungeon.
You visited 1 branch of the dungeon, and saw 2 of its levels.

You collected 170 gold pieces.

Inventory:

Hand Weapons
 a - a +0 falchion
 o - a +0 long sword (weapon)
Missiles
 d - 7 boomerangs of dispersal (quivered)
Armour
 b - a +0 leather armour
 h - a +0 cloak (worn)
 k - a +2 scale mail of poison resistance (worn)
Jewellery
 e - an amulet of reflection
Scrolls
 c - a scroll of blinking
 f - 7 scrolls of identify {unknown}
 g - 3 scrolls of fear {unknown}
 i - a scroll of immolation {unknown}
 j - a scroll of fog {unknown}
 l - a scroll of butterflies {unknown}
Potions
 m - a potion of attraction {unknown}
 n - a potion of heal wounds {unknown}
 p - a potion of curing {unknown}


   Skills:
 - Level 1.7 Fighting
 + Level 3.7 Long Blades
 - Level 0.8 Throwing
 - Level 0.7 Armour
 - Level 1.5 Dodging
 - Level 2.1 Spellcasting
 - Level 3.0 Translocations


You had one spell level left.
You knew the following spells:

 Your Spells              Type           Power      Damage    Failure   Level
a - Blink                 Tloc           18%        N/A       47%         2
b - Vhi's Electric Charg  Tloc/Air       10%        N/A       89%         3

Your spell library contained the following spells:

 Spells                   Type           Power      Damage    Failure   Level
 Lesser Beckoning         Tloc           18%        N/A       47%         2
 Teleport Other           Tloc           9%         N/A       71%         3
 Cigotuvi's Dreadful Rot  Necr/Pois/Air  2%         N/A       88%         2
 Poisonous Vapours        Pois/Air       2%         N/A       88%         2
 Mephitic Cloud           Conj/Pois/Air  1%         N/A       98%         3
 Manifold Assault         Tloc           9%         N/A       98%         4


Dungeon Overview and Level Annotations

Branches:
Dungeon (2/15)

Altars:
Ashenzari


Innate Abilities, Weirdness & Mutations

You have extremely sharp teeth.
When hurt, damage is shared between your health and your magic reserves.
Your bite disrupts and absorbs the magic of your enemies.
Potions cannot restore your health.


Message History

The adder misses you.
You barely miss the adder.
The adder is moderately wounded.
The adder closely misses you. x2
You closely miss the adder.
The adder is moderately wounded.
The adder bites you but does no damage.
You barely miss the adder. You bite the adder, but do no damage.
The adder is moderately wounded.
The adder bites you. The adder closely misses you.
You barely miss the adder.
The adder is moderately wounded.
The adder barely misses you.
You closely miss the adder. Your bite misses the adder.
The adder is moderately wounded.
The adder barely misses you. The adder bites you but does no damage.
You slash the adder!
You kill the adder!
A gnoll comes into view. It is wielding a +0 club.
The gnoll shouts!
A gnoll comes into view. It is wielding a +0 flail.
Found a stone staircase leading up.
The gnoll shouts!
You hear a shout!
A gnoll comes into view. It is wielding a +0 whip.
You hit the gnoll but do no damage. The gnoll barely misses you.
There are monsters nearby!
You barely miss the gnoll. The gnoll barely misses you.
You closely miss the gnoll. Your bite misses the gnoll.
The gnoll barely misses you. The gnoll hits you with a +0 club.
You closely miss the gnoll. The gnoll closely misses you.
The gnoll barely misses you. x2
You barely miss the gnoll. You bite the gnoll, but do no damage.
The gnoll hits you but does no damage. The gnoll hits you with a +0 flail.
The gnoll hits you with a +0 whip.
You slash the gnoll!
The gnoll is heavily wounded.
The gnoll hits you with a +0 club. The gnoll hits you with a +0 flail.
* * * LOW HITPOINT WARNING * * *
The gnoll hits you with a +0 whip.
You die...

#.#.. ....... # #.#.#
#.###.# #. #####.#..
#...#.. #
#.####...#.#.###.###.#
#.#..........#..........
.<....P....#.#..........
#...P.P....#.#.#.#.###.#
......g....#...#.#.# #.#
#.P..g@...#.#.###.#.#.#
...P...g..P..#..........
.#.....PP...############
........P...#
#.........###
##.....#### ######


You could see 3 gnolls.

Vanquished Creatures
  2 adders (D:2)
  4 worms (D:2)
  A dart slug (D:1)
  A bat (D:2)
  An endoplasm (D:2)
  A giant cockroach (D:2)
  3 hobgoblins
  2 jackals (D:1)
  A ball python (D:2)
  A frilled lizard (D:2)
  3 goblins
  2 kobolds (D:1)
  2 rats
24 creatures vanquished.

Vanquished Creatures (others)
  9 plants (D:2)
9 creatures vanquished.

Grand Total: 33 creatures vanquished

Notes
Turn   | Place    | Note
-------+----------+-------------------------------------------
     0 | D:1      | Leeroy the Vine Stalker Warper began the quest for the Orb.
     0 | D:1      | Reached XP level 1. HP: 11/11 MP: 4/4
   577 | D:1      | Reached XP level 2. HP: 12/15 MP: 6/6
   834 | D:1      | Learned a level 2 spell: Blink
   920 | D:2      | Found a broken altar of Ashenzari.
   983 | D:2      | Reached XP level 3. HP: 18/18 MP: 7/7
  1068 | D:2      | Learned a level 3 spell: Vhi's Electric Charge
  1189 | D:2      | Slain by a gnoll

Illustrated notes

Levels and vault maps discovered:
D:1:      matt_arrival_refuge, layout_basic, nicolae_kite_square_tiling_tiny,
          kennysheep_nondescript, minmay_misc_feat_encased,
          serial_bayou_lagoon_a
D:2:      layout_basic, basic_altar, minmay_misc_feat_nine_boxes,
          nicolae_grassy_gnolls

Skill      XL: |  1  2 |
---------------+-------+-----
Long Blades    | 2 3 |  3.7
Fighting       | |  1.7
Throwing       | |  0.8
Armour         | |  0.7
Dodging        | |  1.5
Spellcasting   | |  2.1
Translocations | |  3.0

Action                     || total
---------------------------++-------
  Melee: Falchion          ||    60
         Bite              ||    20
         Punch             ||     1
         Long sword        ||    17
   Stab: Sleeping          ||     2
 Armour: Leather armour    ||     6
         Scale mail        ||    14
  Dodge: Dodged            ||    45

Table legend: (Time is in decaauts)
 A = Elapsed time spent in this place.
 B = Non-inter-level travel time spent in this place.
 C = Inter-level travel time spent in this place.
 D = Time resting spent in this place.
 E = Time spent auto-exploring this place.
 F = Levels seen in this place.
 G = Mean time per level.
                   A        B        C        D        E       F      G
               +--------+--------+--------+--------+--------+-----+--------+
         Total |   1203 |   1136 |     67 |      0 |    913 |   2 |  601.5 |
       Dungeon |   1203 |   1136 |     67 |      0 |    913 |   2 |  601.5 |
               +--------+--------+--------+--------+--------+-----+--------+

Top non-repeatable levels by time:
     D:1: 841 daAuts
     D:2: 362 daAuts
